[Event "Titled Tuesday Blitz June 14 Early 2022"]
[White "Grischuk, Alexander"]
[Black "Xiong, Jeffery"]
[WhiteFideId "4126025"]
[BlackFideId "2047640"]
[WhiteElo "2762"]
[BlackElo "2714"]
[Result "0-1"]
[Round "09"]
[TimeControl "180+1"]
[Date "2022.06.14"]
[WhiteClock "0:00:04"]
[BlackClock "0:00:11"]

1. d4 d5 2. c4 e6 3. Nc3 Nf6 4. cxd5 exd5 5. Bg5 c6 6. Qc2 Bd6 7. e3 O-O 8. Bd3 h6 9. Bh4 Re8 10. Nge2 a5 11. h3 Na6 12. a3 Nc7 13. O-O Ne6 14. Bg3 b5 15. Bxd6 Qxd6 16. Ng3 g6 17. Rac1 Bd7 18. Nce2 b4 19. axb4 axb4 20. Qd2 h5 21. Rfe1 Ng5 22. Nf4 Ra5 23. Kh1 Rea8 24. Bb1 h4 25. Nf1 Nge4 26. Qe2 c5 27. dxc5 Rxc5 28. Rxc5 Qxc5 29. Nd2 Bb5 30. Nxe4 Nxe4 31. Qf3 Ra1 32. Rd1 Ba4 33. Rg1 Nd2 34. Qxd5 Qxd5 35. Nxd5 Rxb1 36. Rxb1 Nxb1 37. Nxb4 Nd2 38. Nd3 Bc2 39. Ne5 Bb3 40. Kg1 Kg7 41. Nc6 Bd5 42. Nd4 Nb3 43. Ne2 Bc4 44. Nc3 f5 45. f3 Kf6 46. Kf2 Nc5 47. Kg1 Bb3 48. Ne2 Nd3 49. Nd4 Bd5 50. b4 Ke5 51. b5 f4 52. Nc2 Kd6 53. exf4 Nxf4 54. Kh2 Ne2 55. Ne3 Be6 56. Nd1 Kc5 57. Nf2 Bf5 58. Nd1 Kxb5 59. Ne3 Be6 60. Nf1 Bd5 61. Ne3 Kc5 62. Ng4 Kd6 63. Nf6 Ke5 64. Ng4+ Kf4 65. Nf6 Bc6 66. Ng4 g5 67. Nf6 Ke3 68. Ng4+ Kd4 69. Nf6 Ke5 70. Ng4+ Ke6 71. Ne3 Ng3 72. Ng4 Kf5 73. Ne3+ Kf4 74. Ng4 Nf1+ 75. Kg1 Ne3 76. Nf6 Kf5 77. Ng8 Ke6 78. Kf2 Nf5 79. f4 gxf4 0-1


[Site "https://www.chess.com"]

[Event "Titled Tuesday Blitz June 14 Early 2022"]
[White "Gunina, Valentina"]
[Black "Dauner, Benedikt"]
[WhiteFideId "4167570"]
[BlackFideId "16225899"]
[WhiteElo "2386"]
[BlackElo "2230"]
[Result "1-0"]
[Round "09"]
[TimeControl "180+1"]
[Date "2022.06.14"]
[WhiteClock "0:01:36"]
[BlackClock "0:00:01"]

1. e4 Nf6 2. e5 Nd5 3. d4 d6 4. Nf3 g6 5. Bc4 Nb6 6. Bb3 Bg7 7. O-O O-O 8. h3 Nc6 9. Qe2 dxe5 10. dxe5 Nd4 11. Nxd4 Qxd4 12. Re1 Be6 13. Nc3 c6 14. Bg5 Bxb3 15. axb3 f6 16. exf6 exf6 17. Be3 Qe5 18. Bxb6 Qxe2 19. Rxe2 axb6 20. Rxa8 Rxa8 21. Re7 Ra1+ 22. Kh2 Rc1 23. Rxb7 Rxc2 24. Kg3 Rxb2 25. Rxb6 f5 26. Nd1 Rb1 27. Ne3 Bd4 28. Rb7 Rb2 29. Kf3 f4 30. Ng4 h5 31. Nh6+ Kf8 32. Ke4 Bxf2 33. Ke5 Re2+ 34. Kf6 Bd4+ 35. Kxg6 Rxg2+ 36. Kxh5 Be3 37. Ng4 Bc1 38. Rc7 Rc2 39. Kg6 Ke8 40. b4 Kd8 41. Rf7 Rc4 42. h4 Rxb4 43. Ne5 Rb2 44. Nxc6+ Kc8 45. h5 Rg2+ 46. Kf5 Rh2 47. Kg4 f3 48. Rxf3 Kc7 49. Ne5 Kd6 50. Ng6 Kd7 51. Rc3 Rh1 52. Rd3+ Ke6 53. Rc3 Kf7 54. Rc7+ Kf6 55. Rc6+ Kg7 56. Nh4 Rg1+ 57. Kf3 Rh1 58. Nf5+ Kh7 59. Ke4 Rxh5 60. Rxc1 Rh2 61. Ke5 Ra2 62. Rc7+ Kg8 63. Ke6 Rf2 64. Kf6 1-0


[Site "https://www.chess.com"]

[Event "Titled Tuesday Blitz June 14 Early 2022"]
[White "Hakobyan, Aram"]
[Black "Stribuk, Artiom"]
[WhiteFideId "13306677"]
[BlackFideId "13515659"]
[WhiteElo "2557"]
[BlackElo "2259"]
[Result "1-0"]
[Round "09"]
[TimeControl "180+1"]
[Date "2022.06.14"]
[WhiteClock "0:00:36"]
[BlackClock "0:00:03"]

1. e4 c5 2. Nf3 Nc6 3. Bb5 e6 4. Bxc6 bxc6 5. d3 Ne7 6. Nbd2 Ng6 7. h4 h5 8. e5 d5 9. exd6 Bxd6 10. Nc4 Be7 11. Be3 f6 12. Nfd2 e5 13. Qf3 Qd5 14. Qg3 Bf5 15. O-O-O Kf7 16. Nb1 Nf8 17. f4 exf4 18. Bxf4 Ne6 19. Nc3 Qd7 20. Bd6 Rad8 21. Bxe7 Qxe7 22. Rhf1 Nd4 23. Rde1 Qd7 24. Ne4 Rhf8 25. Nxc5 Qd5 26. Nb7 Rb8 27. Nbd6+ Kg8 28. Re7 Bg4 29. Rfe1 Qc5 30. Rc7 Nb5 31. Nxb5 Qxb5 32. Ree7 Rfe8 33. Rxg7+ Kh8 34. Rh7+ Kg8 35. Rcg7+ Kf8 36. Qd6+ 1-0


[Site "https://www.chess.com"]

[Event "Titled Tuesday Blitz June 14 Early 2022"]
[White "Harvey, Marcus R"]
[Black "Pranav, V"]
[WhiteFideId "400092"]
[BlackFideId "25060783"]
[WhiteElo "2485"]
[BlackElo "2349"]
[Result "0-1"]
[Round "09"]
[TimeControl "180+1"]
[Date "2022.06.14"]
[WhiteClock "0:00:06"]
[BlackClock "0:00:08"]

1. d4 Nf6 2. c4 e6 3. g3 c5 4. d5 exd5 5. cxd5 b5 6. Bg2 d6 7. a4 b4 8. a5 Be7 9. Nd2 O-O 10. Nc4 Ba6 11. b3 Bxc4 12. bxc4 Nbd7 13. Nf3 Ne4 14. Bb2 Bf6 15. Qc2 Re8 16. O-O Nc3 17. Rfe1 Ne5 18. Nd2 Ng4 19. Bf3 Qd7 20. Nb1 Nxb1 21. Raxb1 Bxb2 22. Bxg4 Qxg4 23. Rxb2 Re5 24. Qd3 Rae8 25. f3 Qh5 26. e4 f5 27. Rbe2 fxe4 28. Rxe4 Rxe4 29. Rxe4 Rxe4 30. Qxe4 Qe5 31. Qg4 h5 32. Qc8+ Kh7 33. Qb7 Qe3+ 34. Kg2 b3 35. Qf7 Kh6 36. Kh3 b2 37. Qf5 Qc1 38. Qe6+ g6 39. Qf6 Qf1+ 40. Kh4 Qxc4+ 41. f4 Qd4 42. Qg5+ Kh7 43. Qe7+ Qg7 44. Qe1 Qf6+ 45. Kh3 Qf5+ 46. Kh4 Qg4# 0-1


[Site "https://www.chess.com"]

[Event "Titled Tuesday Blitz June 14 Early 2022"]
[White "Hesham, Abdelrahman"]
[Black "Shimanov, Aleksandr"]
[WhiteFideId "10600183"]
[BlackFideId "4198603"]
[WhiteElo "2506"]
[BlackElo "2605"]
[Result "1-0"]
[Round "09"]
[TimeControl "180+1"]
[Date "2022.06.14"]
[WhiteClock "0:00:06"]
[BlackClock "0:00:01"]

1. e4 c6 2. d4 d5 3. e5 Bf5 4. Nf3 e6 5. Be2 c5 6. Be3 Qb6 7. Nc3 Nc6 8. O-O Qxb2 9. Qe1 c4 10. Rb1 Qa3 11. Nb5 Qa4 12. Nc7+ Kd7 13. Nxa8 b5 14. Ng5 Nh6 15. g4 Bxc2 16. Bd1 b4 17. f4 Be7 18. f5 Rxa8 19. f6 gxf6 20. exf6 Bd6 21. h3 Rg8 22. Nxe6 Nxg4 23. Bxg4 fxe6 24. f7 Rf8 25. Rc1 Be4 26. Bh6 Qxa2 27. Rf2 Qa3 28. Bxf8 Qg3+ 29. Kf1 Bxf8 30. Qd2 Bd3+ 31. Be2 Qxh3+ 32. Ke1 1-0


[Site "https://www.chess.com"]

[Event "Titled Tuesday Blitz June 14 Early 2022"]
[White "Iannaccone, Ernesto"]
[Black "Gurevich, Dmitry"]
[WhiteFideId "800163"]
[BlackFideId "2000407"]
[WhiteElo "2374"]
[BlackElo "2506"]
[Result "1-0"]
[Round "09"]
[TimeControl "180+1"]
[Date "2022.06.14"]
[WhiteClock "0:00:25"]
[BlackClock "0:00:08"]

1. d4 Nf6 2. c4 a6 3. Nc3 c5 4. Nf3 cxd4 5. Nxd4 d5 6. cxd5 Nxd5 7. Bd2 e5 8. Nf3 Nc6 9. g3 Be6 10. Bg2 Nxc3 11. Bxc3 Qxd1+ 12. Rxd1 f6 13. a3 Be7 14. O-O Kf7 15. Nd2 Rac8 16. e3 Rhd8 17. Ne4 Bb3 18. Rxd8 Rxd8 19. Rc1 Rd1+ 20. Rxd1 Bxd1 21. f4 Ke6 22. Kf2 Bb3 23. Nd2 Bd5 24. f5+ Kd6 25. Bxd5 Kxd5 26. e4+ Kc5 27. Ke2 a5 28. Kd3 b5 29. Bxa5 Nxa5 30. b4+ Kb6 31. bxa5+ Kxa5 32. Nb1 h5 33. Kc2 Kb6 34. Kd3 Bc5 35. Kc3 Ka5 36. Kb3 Kb6 37. Nc3 Be3 38. Nd5+ Kc5 39. Nxe3 Kd4 40. Nc2+ Kxe4 41. Kb4 Kd3 42. Ne1+ Ke2 43. Nc2 Kd2 44. Na1 e4 45. Nb3+ Kc2 46. Nd4+ Kd3 47. Nxb5 e3 48. Nc3 e2 49. Nxe2 Kxe2 50. a4 Kf2 51. a5 Kg2 52. a6 Kxh2 53. a7 Kxg3 54. a8=Q Kf4 55. Qg8 Kxf5 56. Qxg7 h4 57. Qh6 Kg4 58. Qg6+ Kh3 59. Qxf6 Kg3 60. Qg5+ Kh3 61. Kc4 1-0


[Site "https://www.chess.com"]

[Event "Titled Tuesday Blitz June 14 Early 2022"]
[White "Jaskolka, Tomasz"]
[Black "Ivanisevic, Ivan"]
[WhiteFideId "1170791"]
[BlackFideId "912417"]
[WhiteElo "2073"]
[BlackElo "2535"]
[Result "1-0"]
[Round "09"]
[TimeControl "180+1"]
[Date "2022.06.14"]
[WhiteClock "0:00:15"]
[BlackClock "0:00:17"]

1. d4 d5 2. Bf4 c5 3. e3 Nc6 4. c3 Qb6 5. Qb3 c4 6. Qc2 e5 7. dxe5 Bf5 8. Qc1 g5 9. Bg3 h5 10. h4 g4 11. Ne2 Bg7 12. Nd4 Nge7 13. Be2 Bxe5 14. Bxe5 Nxe5 15. Nxf5 Nxf5 16. g3 O-O-O 17. Na3 Nf3+ 18. Bxf3 gxf3 19. Nc2 Rde8 20. Qd2 Qxb2 21. O-O Qb5 22. Rab1 Qd7 23. Rfd1 Re5 24. e4 Nxh4 25. Qd4 Qh3 26. Qc5+ Kb8 27. Rxb7+ Kxb7 28. Rb1+ 1-0


[Site "https://www.chess.com"]

[Event "Titled Tuesday Blitz June 14 Early 2022"]
[White "Lazavik, Denis"]
[Black "Aravindh, Chithambaram VR."]
[WhiteFideId "13515110"]
[BlackFideId "5072786"]
[WhiteElo "2437"]
[BlackElo "2577"]
[Result "1/2-1/2"]
[Round "09"]
[TimeControl "180+1"]
[Date "2022.06.14"]
[WhiteClock "0:00:09"]
[BlackClock "0:00:09"]

1. d4 g6 2. c4 Bg7 3. Nf3 c6 4. Nc3 d5 5. cxd5 cxd5 6. Bf4 Nf6 7. e3 O-O 8. h3 Nc6 9. Be2 Ne4 10. O-O Nxc3 11. bxc3 Na5 12. Nd2 Bf5 13. c4 dxc4 14. Nxc4 Rc8 15. Rc1 Be6 16. Qa4 Nc6 17. Nd2 Qd7 18. Qa3 Bd5 19. Bg4 f5 20. Bf3 e5 21. dxe5 Nxe5 22. Bxe5 Bxe5 23. Qxa7 Bf7 24. Rxc8 Rxc8 25. Nb3 Rc2 26. Qxb7 Qxb7 27. Bxb7 Rxa2 28. Nc5 Rc2 29. Nd3 Bd6 30. Rd1 Rc7 31. Bf3 Kg7 32. g3 Ra7 33. Nf4 Be5 34. Kg2 Kf6 35. h4 h6 36. Rb1 Ra6 37. Nd3 Bd6 38. Rb7 g5 39. hxg5+ hxg5 40. Rb1 g4 41. Bb7 Ra7 42. Kg1 Bc4 43. Nf4 Be5 44. Rb4 Bf7 45. Bd5 Bxf4 46. Bxf7 Bxe3 47. fxe3 Kxf7 48. e4 fxe4 49. Rxe4 Ra1+ 50. Kf2 Ra2+ 51. Ke3 Kf6 52. Kf4 Ra3 53. Kxg4 Kg6 54. Rb4 Ra5 55. Rb6+ Kg7 56. Kf4 Rc5 57. g4 Ra5 58. Re6 Rc5 59. Re4 Ra5 60. g5 Kg6 61. Re6+ Kf7 62. Rf6+ Kg7 63. Kg4 Ra1 64. Rf3 Rg1+ 65. Kf5 Ra1 66. Rf4 Ra5+ 67. Kg4 Rb5 68. Ra4 Rb7 69. Kh5 Rc7 70. Ra6 Rd7 71. Rg6+ Kh7 72. Rf6 Kg7 73. Rf4 Rb7 74. Rf5 Rc7 75. g6 Rd7 76. Kg5 Rc7 77. Re5 Rd7 78. Rf5 Rc7 79. Rf7+ Rxf7 80. gxf7 Kxf7 1/2-1/2


[Site "https://www.chess.com"]

[Event "Titled Tuesday Blitz June 14 Early 2022"]
[White "Le, Tuan Minh"]
[Black "Steinberg, Nitzan"]
[WhiteFideId "12401153"]
[BlackFideId "2801795"]
[WhiteElo "2530"]
[BlackElo "2471"]
[Result "1/2-1/2"]
[Round "09"]
[TimeControl "180+1"]
[Date "2022.06.14"]
[WhiteClock "0:00:04"]
[BlackClock "0:00:09"]

1. d4 g6 2. e4 Bg7 3. Nf3 d6 4. Bc4 a6 5. Bb3 Nc6 6. h3 Na5 7. O-O Nxb3 8. axb3 Nf6 9. Nc3 O-O 10. e5 Nd7 11. Qe2 h6 12. Re1 b5 13. Qe4 Nb6 14. Qh4 e6 15. Qg3 Bb7 16. Bf4 c5 17. exd6 cxd4 18. Ne4 Nd7 19. Rad1 Rc8 20. h4 Bxe4 21. Rxe4 Nf6 22. Rexd4 Nh5 23. Qg4 Bxd4 24. Rxd4 Kh7 25. c4 f5 26. Qh3 Nxf4 27. Rxf4 Qxd6 28. Rd4 Qe7 29. Qg3 Rfd8 30. Qe5 Rxd4 31. Qxd4 Rd8 32. Qe3 Rd1+ 33. Kh2 Qd6+ 34. g3 Kg7 35. Qa7+ Qd7 36. Qxa6 b4 37. c5 Qd5 38. Qe2 Rc1 39. Qe3 Rxc5 40. Nd2 Rc1 41. f3 Rc2 42. Kh3 Rxd2 43. Qa7+ Qd7 44. Qc5 Kh7 45. Qe5 Rd3 46. Kg2 Qb7 47. Kh3 Rxf3 48. h5 g5 49. Qxe6 Qg7 50. Qd5 g4+ 51. Kg2 Qf6 52. Qd7+ Qg7 53. Qd2 f4 54. Qc2+ Kg8 55. Qc8+ Qf8 56. Qe6+ Qf7 57. Qxg4+ Qg7 58. Qxf3 Qxb2+ 59. Kh3 fxg3 60. Qg4+ Qg7 61. Qxg7+ Kxg7 62. Kxg3 Kf6 63. Kf4 Ke6 64. Ke4 Kf6 65. Kf4 Ke6 66. Ke4 Kf6 67. Kf4 1/2-1/2


[Site "https://www.chess.com"]

[Event "Titled Tuesday Blitz June 14 Early 2022"]
[White "Lewtak, Damian"]
[Black "Daneshvar, Bardiya"]
[WhiteFideId "1141724"]
[BlackFideId "12576468"]
[WhiteElo "2379"]
[BlackElo "2303"]
[Result "0-1"]
[Round "09"]
[TimeControl "180+1"]
[Date "2022.06.14"]
[WhiteClock "0:00:04"]
[BlackClock "0:00:24"]

1. e4 Nf6 2. Qe2 c5 3. g3 Nc6 4. c3 d6 5. Bg2 g6 6. f4 Bg7 7. Nf3 O-O 8. O-O Rb8 9. h3 b5 10. Kh2 b4 11. d3 a5 12. c4 a4 13. Nbd2 a3 14. Rb1 axb2 15. Bxb2 Ra8 16. e5 Ne8 17. Ra1 Nc7 18. Ne4 dxe5 19. Nxc5 exf4 20. gxf4 Bxb2 21. Qxb2 Qd6 22. Ne5 Nxe5 23. Qxe5 Ra5 24. Qxd6 exd6 25. Ne4 Rd8 26. Rfb1 Na6 27. Nf6+ Kg7 28. Nd5 Bf5 29. Bf1 Ra8 30. Nxb4 Nxb4 31. Rxb4 Rxa2+ 32. Rxa2 Rxa2+ 33. Kg1 Ra3 34. d4 Bxh3 35. Bxh3 Rxh3 36. Rb6 Rc3 37. Rc6 Kf8 38. Rc7 Rc2 39. d5 h5 40. Kf1 h4 41. Kg1 Kg7 42. f5 Kf6 43. fxg6 fxg6 44. Rd7 Ke5 45. Re7+ Kf4 46. Re6 g5 47. Rxd6 Kg3 48. Kf1 Rxc4 49. Rc6 Rd4 50. d6 h3 51. Rc3+ Kh4 52. Rc6 g4 53. Kf2 Rd1 54. Rc8 Rd2+ 55. Ke3 Rxd6 56. Kf4 Rf6+ 57. Ke5 Rf3 58. Rg8 Kg3 59. Rh8 Kg2 60. Ke4 g3 61. Ra8 h2 62. Ra2+ Rf2 63. Ra1 h1=Q 0-1


[Site "https://www.chess.com"]

[Event "Titled Tuesday Blitz June 14 Early 2022"]
[White "Mchedlishvili, Mikheil"]
[Black "Yilmaz, Mustafa"]
[WhiteFideId "13600966"]
[BlackFideId "6302718"]
[WhiteElo "2545"]
[BlackElo "2568"]
[Result "1-0"]
[Round "09"]
[TimeControl "180+1"]
[Date "2022.06.14"]
[WhiteClock "0:00:25"]
[BlackClock "0:00:02"]

1. d4 Nf6 2. Bf4 d6 3. Nc3 c6 4. e4 Qb6 5. Rb1 g6 6. Nf3 Bg7 7. Be2 O-O 8. O-O Nbd7 9. Qd2 Qa5 10. Bh6 e5 11. Bxg7 Kxg7 12. Rfd1 Re8 13. a4 Qb4 14. h3 a5 15. Qg5 h6 16. Qe3 Nh5 17. Bf1 Ndf6 18. dxe5 dxe5 19. Nd2 Be6 20. b3 Rad8 21. Bc4 Nf4 22. Kh2 h5 23. g3 Bxh3 24. f3 N4d5 25. exd5 cxd5 26. Kxh3 d4 27. Qe2 Qxc3 28. Ne4 Nxe4 29. Qxe4 Re7 30. Kg2 f5 31. Qd3 Qb4 32. Qd2 Qc5 33. Qg5 Rf8 34. Rf1 Rf6 35. Rbe1 Qb4 36. Rh1 Qc3 37. Rxh5 Qxc2+ 38. Re2 1-0


[Site "https://www.chess.com"]

[Event "Titled Tuesday Blitz June 14 Early 2022"]
[White "Morefield, Jason"]
[Black "Williams, Simon K"]
[WhiteFideId "30920825"]
[BlackFideId "404454"]
[WhiteElo "2171"]
[BlackElo "2468"]
[Result "1/2-1/2"]
[Round "09"]
[TimeControl "180+1"]
[Date "2022.06.14"]
[WhiteClock "0:00:10"]
[BlackClock "0:00:06"]

1. e4 c5 2. Nf3 d6 3. d4 cxd4 4. Nxd4 Nf6 5. Nc3 g6 6. Be3 Bg7 7. f3 Nc6 8. Qd2 Bd7 9. g4 Ne5 10. h4 O-O 11. O-O-O b5 12. Ndxb5 Rb8 13. Nd4 Nxf3 14. Nxf3 Nxe4 15. Qd3 Nxc3 16. bxc3 Qa5 17. Nd4 Bxg4 18. Be2 Bxe2 19. Nxe2 Rfc8 20. Kd2 Rb5 21. Ke1 Bxc3+ 22. Kf1 Bf6 23. Kg2 Rb2 24. Rd2 Qxa2 25. Rc1 a5 26. h5 a4 27. hxg6 hxg6 28. Nf4 Qc4 29. Nd5 Qxd3 30. cxd3 Rxc1 31. Nxf6+ exf6 32. Rxb2 Rc3 33. Bd4 Rxd3 34. Bxf6 Kh7 35. Rb8 g5 36. Bxg5 a3 37. Ra8 Kg6 38. Bf4 d5 39. Ra6+ Kf5 40. Bd6 Ke4 41. Rxa3 Rxa3 42. Bxa3 Ke3 43. Kf1 d4 44. Ke1 f5 45. Bc1+ Kd3 46. Kf2 Kc2 47. Bg5 d3 48. Kf3 d2 49. Bxd2 Kxd2 50. Kf4 Kd3 51. Kxf5 1/2-1/2


[Site "https://www.chess.com"]

[Event "Titled Tuesday Blitz June 14 Early 2022"]
[White "Narayanan, Srinath"]
[Black "Rozman, Levy"]
[WhiteFideId "5018420"]
[BlackFideId "2039877"]
[WhiteElo "2472"]
[BlackElo "2376"]
[Result "1-0"]
[Round "09"]
[TimeControl "180+1"]
[Date "2022.06.14"]
[WhiteClock "0:00:07"]
[BlackClock "0:00:02"]

1. Nf3 g6 2. c4 Bg7 3. d4 d6 4. Nc3 Bg4 5. e3 Nc6 6. Be2 Nf6 7. h3 Bc8 8. b4 Nxb4 9. O-O O-O 10. Rb1 Nc6 11. d5 Nb8 12. e4 Na6 13. Be3 b6 14. Bd4 Nc5 15. e5 Ne8 16. Re1 e6 17. exd6 Nxd6 18. Ne5 Bb7 19. Bf3 exd5 20. Nxd5 Ne6 21. Ba1 Ng5 22. Bg4 f5 23. Be2 Nge4 24. f4 Qh4 25. Rf1 Rad8 26. Nf3 Qh6 27. Bxg7 Qxg7 28. Qc2 c6 29. Ne3 Nc3 30. Rbe1 Rfe8 31. Ne5 Nxe2+ 32. Rxe2 Ne4 33. Rfe1 c5 34. Nd5 Bxd5 35. cxd5 Nd6 36. Nc6 Ra8 37. Re6 c4 38. Qe2 Qf8 39. Ne7+ Kf7 40. Qe5 Ne4 41. Nxf5 gxf5 42. Qxf5+ Kg7 43. Qxe4 Rxe6 44. dxe6 Qc5+ 45. Kh2 c3 46. Qxa8 1-0


[Site "https://www.chess.com"]

[Event "Titled Tuesday Blitz June 14 Early 2022"]
[White "Perez Gormaz, Matias"]
[Black "Shirov, Alexei"]
[WhiteFideId "3406342"]
[BlackFideId "2209390"]
[WhiteElo "2341"]
[BlackElo "2678"]
[Result "0-1"]
[Round "09"]
[TimeControl "180+1"]
[Date "2022.06.14"]
[WhiteClock "0:00:02"]
[BlackClock "0:00:32"]

1. e4 e5 2. Nf3 Nc6 3. Bb5 a6 4. Ba4 Nf6 5. d3 d6 6. c3 g6 7. O-O Bg7 8. Re1 O-O 9. h3 Nh5 10. d4 Qe7 11. Bg5 f6 12. Be3 Bh8 13. Nbd2 Nd8 14. Bb3+ Nf7 15. a4 Be6 16. a5 c6 17. g4 Ng7 18. Nc4 Rad8 19. Nb6 f5 20. d5 cxd5 21. Nxd5 Bxd5 22. Qxd5 Ne8 23. Bb6 Rd7 24. exf5 gxf5 25. gxf5 Bf6 26. Kh1 Kh8 27. Qe6 Ng7 28. Qxe7 Rxe7 29. Bc2 Nh6 30. Rad1 Nhxf5 31. Nd2 Bh4 32. Ne4 Re6 33. Bb3 Rh6 34. Rd3 Nh5 35. Rg1 Nf4 36. Rf3 Ne7 37. Kh2 d5 38. Nc5 e4 39. Rfg3 Bxg3+ 40. Rxg3 Ne2 41. Rg2 Rf3 0-1


[Site "https://www.chess.com"]

[Event "Titled Tuesday Blitz June 14 Early 2022"]
[White "Preotu, Razvan"]
[Black "Xu, Yi"]
[WhiteFideId "2613280"]
[BlackFideId "8605564"]
[WhiteElo "2407"]
[BlackElo "2471"]
[Result "1-0"]
[Round "09"]
[TimeControl "180+1"]
[Date "2022.06.14"]
[WhiteClock "0:00:04"]
[BlackClock "0:00:05"]

1. e4 c5 2. Nf3 d6 3. d4 cxd4 4. Nxd4 Nf6 5. Nc3 a6 6. Be2 e5 7. Nb3 Be7 8. Be3 Be6 9. O-O O-O 10. Re1 h6 11. Bf3 Qc7 12. Qd3 Nbd7 13. a4 Rfd8 14. Nd5 Bxd5 15. exd5 a5 16. c3 Rf8 17. Qb5 b6 18. Nd2 Rfc8 19. g3 Bf8 20. Bg2 g6 21. h3 Bg7 22. Rad1 Rab8 23. Bf1 Ne8 24. Nc4 f5 25. f4 e4 26. g4 Nef6 27. gxf5 gxf5 28. Be2 Nc5 29. Kh2 Kh7 30. Rg1 Bh8 31. Bd4 Ncd7 32. Ne3 Rf8 33. Nxf5 Nc5 34. Ne3 Qf7 35. Qc6 Rfc8 36. Qb5 Rg8 37. Rdf1 Rxg1 38. Rxg1 Nxd5 39. Nxd5 Qxd5 40. Bxh8 Kxh8 41. b4 Qf5 42. bxc5 Qxf4+ 43. Kh1 Qf5 44. Bg4 Qxc5 45. Qd7 Rg8 46. Qe6 Qg5 47. Qxe4 h5 48. Qd4+ Kh7 49. Be2 Qxg1+ 50. Qxg1 Rxg1+ 51. Kxg1 Kg6 52. Kf2 h4 53. Ke3 Kf5 54. Kd4 Kf4 55. Bg4 Kg3 56. Kd5 1-0


[Site "https://www.chess.com"]

[Event "Titled Tuesday Blitz June 14 Early 2022"]
[White "Puranik, Abhimanyu"]
[Black "Kanyamarala, Tarun"]
[WhiteFideId "5061245"]
[BlackFideId "45004714"]
[WhiteElo "2520"]
[BlackElo "2219"]
[Result "1-0"]
[Round "09"]
[TimeControl "180+1"]
[Date "2022.06.14"]
[WhiteClock "0:00:34"]
[BlackClock "0:00:05"]

1. e4 c5 2. c3 d5 3. exd5 Qxd5 4. d4 Nf6 5. Nf3 e6 6. Be3 Nc6 7. Na3 a6 8. Nc4 cxd4 9. Nxd4 Nxd4 10. Qxd4 Qxd4 11. Bxd4 Nd5 12. a4 Bd7 13. Ne5 f6 14. Nxd7 Kxd7 15. O-O-O Kc7 16. g3 Bd6 17. Bg2 Rhe8 18. a5 Rac8 19. Rhe1 e5 20. Bb6+ Nxb6 21. axb6+ Kd7 22. Bh3+ Ke7 23. Bxc8 Rxc8 24. Rd5 Rc6 25. f4 Rxb6 26. f5 Rc6 27. Red1 Kd7 28. Kc2 Kc7 29. Kb3 Rb6+ 30. Kc4 Rc6+ 31. Kd3 b5 32. Ke2 Rb6 33. g4 h6 34. h4 Kd7 35. g5 hxg5 36. hxg5 fxg5 37. Rxe5 Kc7 38. Re6 Rc6 39. Kf3 Bf4 40. Rxc6+ Kxc6 41. Kg4 a5 42. Kh5 Be5 43. Kxg5 b4 44. cxb4 axb4 45. b3 Kc5 46. Kg6 Bf6 47. Kf7 Kb5 48. Rg1 Kc5 49. Rxg7 Bxg7 50. Kxg7 Kd4 51. f6 Kc3 52. f7 Kxb3 53. f8=Q Kc3 54. Qc5+ Kb3 55. Kf6 Ka4 56. Ke5 b3 57. Qc1 1-0


[Site "https://www.chess.com"]

[Event "Titled Tuesday Blitz June 14 Early 2022"]
[White "Rodrigue-Lemieux, Shawn"]
[Black "Martinez Alcantara, Jose Eduardo"]
[WhiteFideId "2620049"]
[BlackFideId "3805662"]
[WhiteElo "1763"]
[BlackElo "2703"]
[Result "0-1"]
[Round "09"]
[TimeControl "180+1"]
[Date "2022.06.14"]
[WhiteClock "0:00:02"]
[BlackClock "0:00:32"]

1. a3 d5 2. e3 Nf6 3. c4 e6 4. Nf3 b6 5. b4 Bb7 6. Bb2 Nbd7 7. Nc3 g6 8. cxd5 exd5 9. Rc1 c6 10. Be2 Bg7 11. O-O O-O 12. Na4 Re8 13. Bxf6 Bxf6 14. d4 Be7 15. Nb2 a5 16. Nd3 Bd6 17. Qb3 Qe7 18. Rc2 axb4 19. axb4 b5 20. Nc5 Nb6 21. Re1 Nc4 22. Bxc4 bxc4 23. Qc3 Bc8 24. e4 Qd8 25. Rce2 Bg4 26. h3 Bxf3 27. Qxf3 Re7 28. g3 Bxc5 29. bxc5 dxe4 30. Rxe4 Qd5 31. Kg2 Ra3 32. R4e3 Rexe3 33. Rxe3 Rxe3 34. fxe3 c3 35. e4 Qxd4 36. Qe2 Qxc5 37. Qc2 Qd4 38. Kf3 c5 39. e5 Qxe5 40. Qb3 Kg7 41. h4 Qd4 42. h5 gxh5 43. Qc2 c4 44. Qf5 Qd3+ 0-1


[Site "https://www.chess.com"]

[Event "Titled Tuesday Blitz June 14 Early 2022"]
[White "Sadhwani, Raunak"]
[Black "Fedoseev, Vladimir"]
[WhiteFideId "35093487"]
[BlackFideId "24130737"]
[WhiteElo "2616"]
[BlackElo "2726"]
[Result "1/2-1/2"]
[Round "09"]
[TimeControl "180+1"]
[Date "2022.06.14"]
[WhiteClock "0:00:49"]
[BlackClock "0:00:14"]

1. e4 c5 2. Nf3 d6 3. Bb5+ Bd7 4. Bxd7+ Qxd7 5. c4 e5 6. Nc3 Be7 7. d3 Bd8 8. O-O Nc6 9. a3 Nge7 10. Rb1 O-O 11. b4 Bb6 12. Be3 Nd4 13. bxc5 Bxc5 14. Bxd4 exd4 15. Ne2 Nc6 16. Qb3 b6 17. Ng3 g6 18. Nd2 Rae8 19. f4 f5 20. Kh1 Nd8 21. Rbe1 Ne6 22. a4 fxe4 23. Ngxe4 Nxf4 24. g3 Nh5 25. Qd1 Bb4 26. Re2 d5 27. cxd5 Bxd2 28. Rxd2 Qxd5 29. Kg1 Rxf1+ 30. Qxf1 Rf8 31. Rf2 Rxf2 32. Qxf2 Qe5 33. Qc2 Kg7 34. Qc8 Qe7 35. Qc6 Nf6 36. Nxf6 Qxf6 37. Qd7+ Kh6 38. Qh3+ Kg7 39. Qd7+ Kh6 40. Qh3+ Kg7 41. Qd7+ 1/2-1/2


[Site "https://www.chess.com"]

[Event "Titled Tuesday Blitz June 14 Early 2022"]
[White "Samadov, Read"]
[Black "Royal, Shreyas"]
[WhiteFideId "13417444"]
[BlackFideId "448869"]
[WhiteElo "2084"]
[BlackElo "1986"]
[Result "1-0"]
[Round "09"]
[TimeControl "180+1"]
[Date "2022.06.14"]
[WhiteClock "0:00:36"]
[BlackClock "0:00:19"]

1. d4 Nf6 2. c4 e6 3. Nf3 d5 4. g3 Bb4+ 5. Bd2 Be7 6. Bg2 O-O 7. O-O Nbd7 8. Qc2 c6 9. Rd1 b6 10. Bf4 Bb7 11. Nc3 dxc4 12. Nd2 Nd5 13. Nxc4 Nxf4 14. gxf4 Qc7 15. e3 Rac8 16. a4 Rfd8 17. Rac1 Nf6 18. Qe2 c5 19. Bxb7 Qxb7 20. dxc5 Bxc5 21. Rxd8+ Rxd8 22. Rd1 Rxd1+ 23. Qxd1 g6 24. h3 Nd5 25. Nxd5 exd5 26. Ne5 Bd6 27. Nf3 Be7 28. Qd4 Qc6 29. Kg2 Bf6 30. Qb4 d4 31. exd4 Qd5 32. Qc3 h5 33. b4 Qe4 34. Qe3 Qb1 35. b5 Qa2 36. Qe8+ Kg7 37. Qd7 Qxa4 38. Ne5 Bxe5 39. fxe5 Qc4 40. Qd6 Qxb5 41. d5 Qd3 42. Qf6+ Kg8 43. d6 Qd5+ 44. Kh2 a5 45. Kg3 a4 46. Qe7 Qd3+ 47. f3 Qe3 48. d7 h4+ 49. Kg4 Qd4+ 50. Kg5 Qe3+ 51. f4 Qg3+ 52. Kh6 Qxf4+ 53. Qg5 Qxg5+ 54. Kxg5 a3 55. d8=Q+ Kg7 56. e6 1-0


[Site "https://www.chess.com"]

[Event "Titled Tuesday Blitz June 14 Early 2022"]
[White "Sanal, Vahap"]
[Black "Madaminov, Mukhiddin"]
[WhiteFideId "6300545"]
[BlackFideId "14210703"]
[WhiteElo "2574"]
[BlackElo "1916"]
[Result "0-1"]
[Round "09"]
[TimeControl "180+1"]
[Date "2022.06.14"]
[WhiteClock "0:00:05"]
[BlackClock "0:00:52"]

1. c4 e5 2. e3 Nc6 3. a3 Nf6 4. b4 d5 5. cxd5 Nxd5 6. Bb2 a6 7. d3 Be7 8. Nf3 f6 9. Be2 O-O 10. O-O Be6 11. Nbd2 Qd7 12. Rc1 Rad8 13. Ne4 Rfe8 14. Nc5 Bxc5 15. Rxc5 Bf7 16. Qc2 Na7 17. Qb1 c6 18. Re1 Nb5 19. Rcc1 Nbc7 20. Nd2 Bg6 21. Ne4 Ne6 22. h4 Qf7 23. g3 f5 24. Nc5 f4 25. Nxe6 Qxe6 26. exf4 exf4 27. Bf3 Qf5 28. g4 Qxd3 29. Qxd3 Bxd3 30. Rxe8+ Rxe8 31. Bxd5+ cxd5 32. Rc7 Re1+ 33. Kg2 Be4+ 34. f3 Re2+ 35. Kf1 Rxb2 36. fxe4 dxe4 37. Rc4 Rb1+ 38. Ke2 f3+ 39. Kf2 Rb2+ 40. Ke3 Re2+ 0-1


[Site "https://www.chess.com"]